 Dungeon Crawl Stone Soup version 0.24-a0-416-g56ce5178b7 (webtiles) character file.

Game seed: 14551333430464242459

166 ohad the Insei (level 5, -4/33 HPs)
             Began as an Octopode Transmuter on June 8, 2019.
             Slain by an orc
             ... wielding a +0 morningstar
              (8 damage)
             ... on level 3 of the Dungeon.
             The game lasted 00:06:54 (2900 turns).

ohad the Insei (Octopode Transmuter)                Turns: 2900, Time: 00:06:55

Health: -4/33      AC:  1    Str:  9    XL:     5   Next: 47%
Magic:  1/8        EV: 15    Int: 16    God:
Gold:   151        SH:  0    Dex: 13    Spells: 2/8 levels left

rFire    . . .     SeeInvis .     - Unarmed
rCold    . . .     Gourm    .   (no shield)
rNeg     . . .     Faith    .   (helmet restricted)
rPois    .         Spirit   .   (no amulet)
rElec    .         Reflect  .   (no ring)
rCorr    .         Harm     .   (no ring)
MR       .....                  (no ring)
Stlth    ++........             (no ring)
HPRegen  0.11/turn              (no ring)
MPRegen  0.11/turn              (no ring)
                                (no ring)
                                (no ring)

@: very slightly contaminated
A: almost no armour, stealthy swim, amphibious, 8 rings, constrict 8, camouflage
1, gelatinous body 1
a: no special abilities


You were on level 3 of the Dungeon.
You were hungry.

You visited 1 branch of the dungeon, and saw 3 of its levels.

You collected 151 gold pieces.

Inventory:

Missiles
 a - 73 arrows
 j - 5 boomerangs (quivered)
Armour
 n - a +0 buckler
Scrolls
 d - a scroll of fear {unknown}
 e - 3 scrolls of identify {unknown}
 f - a scroll of teleportation {unknown}
 i - a scroll of remove curse {unknown}
 m - a scroll of random uselessness {unknown}
Potions
 b - 2 potions of heal wounds
 g - 2 potions of resistance {unknown}
 h - a potion of mutation {unknown}
 l - 2 potions of curing {unknown}
Comestibles
 c - 8 rations


   Skills:
 - Level 1.0 Fighting
 * Level 3.9 Dodging
 + Level 4.9 Unarmed Combat
 - Level 2.0 Spellcasting
 - Level 2.0 Transmutations


You had 2 spell levels left.
You knew the following spells:

 Your Spells              Type           Power        Failure   Level  Hunger
a - Beastly Appendage     Tmut           #.....       9%          1    #......
b - Sticks to Snakes      Tmut           #.......     14%         2    ###....
c - Spider Form           Tmut/Pois      #.........   38%         3    ###....

Your spell library contained the following spells:

 Spells                   Type           Power        Failure   Level  Hunger
 Ice Form                 Ice/Tmut       #.......     80%         4    #####..
 Blade Hands              Tmut           #.........   94%         5    ######.


Dungeon Overview and Level Annotations

Branches:
Dungeon (3/15)

Altars:
Cheibriados
Okawaru
Vehumet
Wu Jian
Yredelemnul


Innate Abilities, Weirdness & Mutations

You cannot wear most types of armour.
You are very stealthy in the water. (Stealth+)
You are amphibious.
You can wear up to eight rings at the same time.
You can use your tentacles to constrict eight enemies at once.
Your skin changes colour to match your surroundings (Stealth+).
Your rubbery body absorbs attacks. (AC +1, EV +1)


Message History

You kill the rat!
You tentacle-slap the rat. You grab the rat. Your squeeze misses the rat.
The rat is heavily wounded.
You constrict the rat.
You kill the rat!
Casting: Spider Form (slightly dangerous; 38% risk of failure)
Confirm with . or Enter, or press ? or * to list all spells.
You don't have enough magic to cast that spell.
The orc barely misses you.
Things that are here:
a rat corpse; a hobgoblin corpse Unknown command.
You completely miss the orc. You grab the orc.
You constrict the orc, but do no damage.
The orc hits you with a +0 morningstar.
* * * LOW HITPOINT WARNING * * *
You tentacle-slap the orc.
The orc is heavily wounded.
You constrict the orc. The orc hits you with a +0 morningstar!
You die...

#.....### #.#
######.###...# #.#
#........###.# #.###
#.####.#.# #.. ....# #.#
#.#.####. #.#.# #.#
#.#......
#.#.###.####.######.
#..#####)#.#.......#...#
#.
#....ro..#@#.##.###.##.#
#. ..######..o#.##.#
#.##.# #. #.###.##.#
#.##.###. #.###.##.#
#........ #.#......#
####.####
#.#.###..######.####
#...# #.............
#...###..######.####
######........# #.# #


You could see an orc.

Vanquished Creatures
  An orc priest (D:3)
  An orc wizard (D:3)
  4 adders
  A worm (D:2)
  3 dart slugs
  3 leopard geckos (D:1)
  An orc (D:3)
  3 giant cockroaches (D:1)
  2 goblins
  14 hobgoblins
  6 jackals
  3 bats
  2 frilled lizards
  11 kobolds
  6 rats
61 creatures vanquished.

Notes
Turn   | Place    | Note
-------+----------+-------------------------------------------
     0 | D:1      | ohad the Octopode Transmuter began the quest for the Orb.
     0 | D:1      | Reached XP level 1. HP: 13/13 MP: 3/3
   239 | D:1      | Reached XP level 2. HP: 15/18 MP: 5/5
   967 | D:1      | Reached XP level 3. HP: 23/23 MP: 6/6
  1419 | D:1      | Learned a level 2 spell: Sticks to Snakes
  1423 | D:1      | Learned a level 3 spell: Spider Form
  1695 | D:1      | Reached skill level 4 in Unarmed Combat
  1964 | D:2      | Found a basalt altar of Yredelemnul.
  2042 | D:2      | Found a snail-covered altar of Cheibriados.
  2110 | D:2      | Reached XP level 4. HP: 27/28 MP: 5/7
  2536 | D:3      | Found an ornate altar of the Wu Jian Council.
  2538 | D:3      | Found a radiant altar of Vehumet.
  2538 | D:3      | Found an iron altar of Okawaru.
  2874 | D:3      | Reached XP level 5. HP: 20/33 MP: 1/8
  2900 | D:3      | Slain by an orc

Levels and vault maps discovered:
D:1:      wander_arrival_estate, layout_basic
D:2:      layout_rooms, yredelemnul_altar_generic, cheibriados_altar_1
D:3:      layout_loops_ring, grunt_temple_overflow_open, first_ration

Skill      XL: |  1  2  3 |
---------------+----------+-----
Unarmed Combat | 4 |  4.9
Dodging        | 3 |  3.9
Fighting       | |  1.0
Spellcasting   | |  2.0
Transmutations | |  2.0

Action                   |  1- 3 |  4- 6 || total
-------------------------+-------+-------++-------
Melee: Unarmed           |    82 |    58 ||   140
       Constrict         |    18 |    11 ||    29
       Kick              |     8 |     6 ||    14
       Tentacles         |    13 |     5 ||    18
       Punch             |     1 |       ||     1
 Cast: Beastly Appendage |    10 |     3 ||    13
       Spider Form       |     2 |     1 ||     3
  Use: Potion            |       |     1 ||     1
 Stab: Sleeping          |     5 |     2 ||     7
  Eat: Chunk             |     5 |     2 ||     7
Armor: Skin              |     2 |     5 ||     7
Dodge: Dodged            |    73 |    36 ||   109

Table legend:
 A = Non-vault XP
 B = Vault XP
 C = Vault XP percentage of total XP
 D = Non-vault monster count
 E = Vault monster count
 F = Vault count percentage of total count
                 A         B        C        D         E       F
            +---------+---------+-------+---------+---------+-------
      Total |     238 |       0 |   0.0 |      61 |       0 |   0.0
            +---------+---------+-------+---------+---------+-------
        D:1 |      60 |       0 |   0.0 |      26 |       0 |   0.0
        D:2 |      64 |       0 |   0.0 |      19 |       0 |   0.0
        D:3 |     114 |       0 |   0.0 |      16 |       0 |   0.0
            +---------+---------+-------+---------+---------+-------
